 Dungeon Crawl Stone Soup version 0.31.0-1-g2c135a0 (webtiles) character file.

Game seed: 10564711293884708337

77 bonegar the Sneak (level 4, -7/37 HPs)
             Began as a Naga Enchanter on Feb 13, 2024.
             Mangled by an orc
             ... wielding a +0 flail
              (9 damage)
             ... on level 3 of the Dungeon.
             The game lasted 00:14:31 (1957 turns).

bonegar the Sneak (Naga Enchanter)                  Turns: 1957, Time: 00:14:33

Health: -7/37      AC:  2    Str: 10 (11) XL:     4   Next: 33%
Magic:  3/7        EV: 10    Int: 14 (15) God:
Gold:   97         SH:  0    Dex: 10 (13) Spells: 5/7 levels left

rFire   . . .        k - +1 dagger (drain)
rCold   . . .        (no shield)
rNeg    . . .        b - +0 robe
rPois   +            (no helmet)
rElec   .            (no cloak)
rCorr   .            (no gloves)
SInv    +            (no barding)
Will    .....        (no amulet)
Stlth   +++          (no ring)
HPRegen 0.26/turn    (no ring)
MPRegen 0.10/turn

%: no passive effects
@: very slow
A: AC +1, large, see invisible, deformed body, poison resistance, slowness 2,
spit poison 1, naga tail 1
a: Spit Poison


You were on level 3 of the Dungeon.
You visited 1 branch of the dungeon, and saw 3 of its levels.

You collected 97 gold pieces.

Inventory:

Hand Weapons
 a - a +1 dagger
 k - a +1 dagger of draining (weapon)
Armour
 b - a +0 robe (worn)
 d - a +0 helmet
Scrolls
 e - 3 scrolls of identify {unknown}
 h - a scroll of enchant weapon {unknown}
 j - a scroll of teleportation {unknown}
Potions
 c - 2 potions of invisibility
 f - a potion of degeneration


   Skills:
 + Level 0.6 Fighting
 + Level 1.5 Short Blades
 + Level 1.8 Dodging
 + Level 5.5 Stealth
 + Level 2.4 Spellcasting
 + Level 3.4 Hexes
 + Level 0.7 Ice Magic


You had 5 spell levels left.
You knew the following spells:

 Your Spells              Type           Power      Damage    Failure   Level
a - Ensorcelled Hibernat  Hex/Ice        14%        N/A       14%         2

Your spell library contained the following spells:

 Spells                   Type           Power      Damage    Failure   Level
 Confusing Touch          Hex            11%        N/A       16%         3
 Tukima's Dance           Hex            11%        N/A       16%         3
 Dazzling Flash           Conj/Hex       12%        N/A       32%         3
 Blink                    Tloc           2%         N/A       34%         2
 Lesser Beckoning         Tloc           2%         N/A       34%         2
 Momentum Strike          Conj/Tloc      2%         3d8       34%         2
 Passwall                 Erth           1%         N/A       56%         3
 Swiftness                Air            1%         N/A       56%         3


Dungeon Overview and Level Annotations

Branches:
Dungeon (3/15)

Altars:
Ashenzari


Innate Abilities, Weirdness & Mutations

Your serpentine skin is tough. (AC +1)
You have supernaturally acute eyesight. (SInv)
Armour fits poorly on your strangely shaped body.
Your system is resistant to poisons. (rPois)
You cover ground very slowly.
You can spit poison.
You have a snake-like lower body.


Message History

It was a potion of heal wounds.
You feel much better.
The orc wizard hits you with a +0 dagger.
The orc barely misses you.
You hit the orc wizard but do no damage.
You drain the orc wizard.
The orc wizard is severely wounded.
The orc wizard points at you and mumbles some strange words.
You easily resist.
You completely miss the orc wizard.
The orc wizard is severely wounded.
The orc hits you with a +0 flail!
You closely miss the orc wizard.
The orc wizard is severely wounded.
The orc wizard casts a spell at you.
You are confused.
The orc hits you with a +0 flail!
You hit the orc wizard.
The orc wizard is almost dead.
The orc wizard gestures at you while chanting.
The puff of flame misses you. The orc hits you with a +0 flail.
You're too confused to move!
The orc wizard gestures at you while chanting.
The magic dart hits you.
* * * LOW HITPOINT WARNING * * *
The orc hits you but does no damage.
You bump into the rock wall.
The orc wizard barely misses you. The orc hits you with a +0 flail.
* * * LOW HITPOINT WARNING * * *
You bump into the rock wall.
The orc wizard barely misses you. The orc closely misses you.
You bump into the rock wall.
The orc wizard misses you. The orc hits you with a +0 flail.
* * * LOW HITPOINT WARNING * * *
You closely miss the orc wizard.
The orc wizard is almost dead.
You feel less confused.
The orc wizard hits you with a +0 dagger.
* * * LOW HITPOINT WARNING * * *
The orc hits you with a +0 flail!
You die...

###
#.###############
#................
#.###############
#.# #.###
##...####
#@o)......
##o#.#..#. #.#.#
.# #.#.# # #.. .
### .


You could see an orc wizard (invisible, very drained) and an orc.

Vanquished Creatures
  2 adders (D:2)
  A dart slug (D:1)
  An orc (D:3)
  6 ball pythons
  5 bats
  5 endoplasms
  2 giant cockroaches
  7 goblins
  2 hobgoblins (D:2)
  5 jackals (D:2)
  5 kobolds
  2 quokkas
  5 frilled lizards (D:1)
48 creatures vanquished.

Notes
Turn   | Place    | Note
-------+----------+-------------------------------------------
     0 | D:1      | bonegar the Naga Enchanter began the quest for the Orb.
     0 | D:1      | Reached XP level 1. HP: 15/15 MP: 3/3
   102 | D:1      | Reached XP level 2. HP: 21/22 MP: 5/5
   114 | D:1      | Learned a level 2 spell: Ensorcelled Hibernation
   330 | D:1      | Found Huamemp's Book Shop.
   522 | D:1      | Reached skill level 5 in Stealth
   527 | D:1      | Reached XP level 3. HP: 28/28 MP: 3/6
  1264 | D:2      | Reached XP level 4. HP: 37/37 MP: 2/7
  1357 | D:2      | Found a broken altar of Ashenzari.
  1957 | D:3      | Mangled by an orc

Illustrated notes

Levels and vault maps discovered:
D:1:      erik_arrival_triangle_large, layout_loops_ring, serial_shops, shop
D:2:      layout_basic, basic_altar, minmay_misc_feat_square,
          chequers_serial_rivers_small_b, minmay_misc_feat_five,
          columned_hall_lemuel, st_stairs_10
D:3:      layout_basic

Skill      XL: |  1  2 |
---------------+-------+-----
Stealth        | 5 |  5.5
Fighting       | |  0.6
Short Blades   | |  1.5
Dodging        | |  1.8
Spellcasting   | |  2.4
Hexes          | |  3.4
Ice Magic      | |  0.7

Action                     |  1- 3 |  4- 6 || total
---------------------------+-------+-------++-------
  Melee: Dagger            |   104 |    32 ||   136
         Punch             |       |     1 ||     1
   Cast: Ensorcelled Hiber |    13 |     4 ||    17
    Use: Potion            |       |     3 ||     3
   Stab: Sleeping          |    14 |     4 ||    18
 Armour: Robe              |    75 |    32 ||   107
  Dodge: Dodged            |    60 |    20 ||    80
